 Dungeon Crawl Stone Soup version 0.30-a0-1053-gbd8d5ba0ad (webtiles) character file.

Game seed: 16051352012000359124

156431 LobsterGuardian the Warrior (level 17, -19/152 HPs)
             Began as a Minotaur Monk on Apr 11, 2023.
             Was the Champion of Hepliaklqana.
             Killed from afar by Bai Suzhen (58 damage)
             ... with a torrent of water
             ... on level 3 of the Shoals on Apr 12, 2023.
             The game lasted 02:18:57 (33586 turns).

LobsterGuardian the Warrior (Minotaur Monk)        Turns: 33586, Time: 02:18:58

Health: -19/152    AC: 20    Str: 21    XL:     17   Next: 10%
Magic:  0/17       EV: 26    Int:  7    God:    Hepliaklqana [******]
Gold:   57         SH: 12    Dex: 27    Spells: 6/17 levels left

rFire   . . .      SeeInvis .    I - +5 hand axe (flame)
rCold   . . .      Faith    .    d - +3 buckler "Ysyje" {Regen+ Str+3}
rNeg    . . .      Spirit   +    V - +3 scale mail "Xedgh" {Dex+4}
rPois   .          Reflect  .    (helmet restricted)
rElec   .          Rampage  .    N - +2 cloak
rCorr   .          Clarity  +    Q - +1 pair of gloves
Will    +....                    e - +0 pair of boots
Stlth   +                        s - amulet of guardian spirit
HPRegen 1.25/turn                w - +6 ring of dexterity
MPRegen 0.15/turn                v - ring of flight

@: about to teleport, flying, studying 2 skills
A: reduced essence, horns 2, retaliatory headbutt, clarity, weak 1
a: Renounce Religion, Recall Ancestor, Ancestor Identity, Transference, Idealise


You were on level 3 of the Shoals.
You worshipped Hepliaklqana.
Hepliaklqana was exalted by your worship.
You visited 6 branches of the dungeon, and saw 27 of its levels.
You visited 1 bazaar.
You also visited: Ice Cave.

You collected 4304 gold pieces.
You spent 4247 gold pieces at shops.

Inventory:

Hand Weapons
 h - the +1 spear "Qewad" {venom, rPois rF+ Int+2}
   (You found it on level 4 of the Lair of Beasts)

   Int:       It affects your intelligence (+2).
   rF:        It protects you from fire.
   rPois:     It protects you from poison.
 m - the +5 flail "Goblinbane" {heavy, rF++ rC- rN+ Dex+2}
   (You bought it in a shop on level 4 of the Dungeon)

   Dex:       It affects your dexterity (+2).
   rF:        It greatly protects you from fire.
   rC:        It makes you vulnerable to cold.
   rN:        It protects you from negative energy.
 I - a +5 hand axe of flaming (weapon)
 L - a +4 great mace of holy wrath
Armour
 d - the +3 buckler "Ysyje" (worn) {Regen+ Str+3}
   (You bought it in a shop on level 2 of the Orcish Mines)

   Str:       It affects your strength (+3).
   Regen:     It increases your rate of health regeneration.
 e - a +0 pair of boots (worn)
 J - the +1 chain mail of the Fife {Harm rPois rN+ Will+}
   (You bought it in a shop on level 2 of the Orcish Mines)

   rPois:     It protects you from poison.
   rN:        It protects you from negative energy.
   Harm:      It increases damage dealt and taken.
   Will:      It increases your willpower.
 N - a +2 cloak (worn)
 Q - a +1 pair of gloves (worn)
 T - a +2 kite shield of poison resistance
 V - the +3 scale mail "Xedgh" (worn) {Dex+4}
   (You found it on level 4 of the Lair of Beasts)

   Dex:       It affects your dexterity (+4).
Jewellery
 b - a ring of protection from fire
 g - the ring of Petzob {rPois Will+ MP+9 Int+7 Dex-4}
   (You bought it in a shop in a bazaar)

   [ring of poison resistance]

   Int:       It affects your intelligence (+7).
   Dex:       It affects your dexterity (-4).
   rPois:     It protects you from poison.
   MP:        It affects your magic capacity (+9).
   Will:      It increases your willpower.
 i - a ring of see invisible
 k - a +6 ring of dexterity
 s - an amulet of guardian spirit (around neck)
 t - a ring of protection from cold
 v - a ring of flight (right hand)
 w - a +6 ring of dexterity (left hand)
 D - a ring of fire
 O - a ring of willpower
 R - a ring of poison resistance
Wands
 a - a wand of quicksilver (6)
 x - a wand of flame (55)
 y - a wand of polymorph (24)
 E - a wand of digging (20)
 F - a wand of paralysis (21)
 G - a wand of mindburst (11)
 S - a wand of iceblast (4)
Scrolls
 f - 7 scrolls of fear
 n - 2 scrolls of enchant armour
 o - 6 scrolls of vulnerability
 q - 11 scrolls of enchant weapon
 r - 4 scrolls of immolation
 u - 4 scrolls of silence
 B - 2 scrolls of amnesia
 C - 2 scrolls of fog
 M - a scroll of poison
 P - 2 scrolls of magic mapping
 U - a scroll of brand weapon
 Z - 8 scrolls of identify
Potions
 c - a potion of ambrosia
 j - 3 potions of flight
 l - 10 potions of curing
 p - 7 potions of attraction
 z - 2 potions of magic
 A - 3 potions of cancellation
 H - a potion of resistance
 K - 6 potions of brilliance
Miscellaneous
 X - a phantom mirror


   Skills:
 + Level 19.7 Fighting
 - Level 16.6 Axes
 + Level 1.4(10.9) Polearms
 + Level 12.4 Armour
 + Level 18.7 Dodging
 - Level 1.5 Stealth
 + Level 13.2 Shields
 + Level 0.7 Spellcasting
 + Level 5.7 Translocations
 * Level 0.2 Transmutations
 * Level 1.1 Invocations


You had 6 spell levels left.
You knew the following spells:

 Your Spells              Type           Power      Damage    Failure   Level
a - Blink                 Tloc           16%        N/A       16%         2
b - Lesser Beckoning      Tloc           16%        N/A       16%         2
c - Teleport Other        Tloc           8%         N/A       32%         3
d - Momentum Strike       Conj/Tloc      8%         3d8       45%         2
e - Wereblood             Tmut           0%         N/A       83%         2

Your spell library contained the following spells:

 Spells                   Type           Power      Damage    Failure   Level
 Apportation              Tloc           16%        N/A       11%         1
 Gell's Gravitas          Tloc           8%         N/A       32%         3
 Beastly Appendage        Tmut           0%         N/A       71%         1
 Portal Projectile        Hex/Tloc       8%         N/A       71%         3
 Foxfire                  Conj/Fire      0%         2x1d4     73%         1
 Freeze                   Ice            0%         1d3       73%         1
 Magic Dart               Conj           0%         1d3       73%         1
 Shock                    Conj/Air       0%         1d3       73%         1
 Call Imp                 Summ           0%         N/A       86%         2
 Call Canine Familiar     Summ           0%         N/A       97%         3
 Frozen Ramparts          Ice            0%         1d1       97%         3
 Hailstorm                Conj/Ice       0%         3d3       97%         3
 Mephitic Cloud           Conj/Pois/Air  0%         N/A       97%         3
 Spider Form              Tmut/Pois      0%         N/A       97%         3
 Swiftness                Air            0%         N/A       97%         3
 Airstrike                Air            0%         2d(0-16)  100%        4
 Anguish                  Hex/Necr       0%         N/A       100%        4
 Ice Form                 Ice/Tmut       0%         N/A       100%        4
 Leda's Liquefaction      Hex/Erth       0%         N/A       100%        4
 Olgreb's Toxic Radiance  Pois           0%         N/A       100%        4
 Petrify                  Tmut/Erth      0%         N/A       100%        4
 Alistair's Intoxication  Tmut/Pois      0%         N/A       100%        5
 Fireball                 Conj/Fire      0%         3d3       100%        5
 Metabolic Englaciation   Hex/Ice        0%         N/A       100%        5
 Dispersal                Tloc           4%         N/A       100%        6
 Plasma Beam              Fire/Air       0%         2x1d11    100%        6
 Simulacrum               Ice/Necr       0%         N/A       100%        6
 Starburst                Conj/Fire      0%         6d3       100%        6
 Statue Form              Tmut/Erth      0%         N/A       100%        6
 Enfeeble                 Hex            0%         N/A       100%        7
 Borgnjor's Revivificati  Necr           0%         N/A       100%        8
 Discord                  Hex            0%         N/A       100%        8
 Ignition                 Fire           0%         3d3       100%        8
 Necromutation            Tmut/Necr      0%         N/A       100%        8
 Death's Door             Necr           0%         N/A       100%        9


Dungeon Overview and Level Annotations

Branches:
Dungeon (15/15)            Temple (1/1) D:5            Lair (5/5) D:11
 Shoals (3/4) Lair:2       Spider (1/4) Lair:3        Slime (0/5) Lair:5
    Orc (2/2) D:12            Elf (0/3) Orc:2        Vaults (0/5) D:14
 Depths (0/4) D:15          IceCv (visited)

Altars:
Ashenzari
Cheibriados
Dithmenos
Elyvilon
Fedhas
Gozag
Hepliaklqana
Kikubaaqudgha
Makhleb
Nemelex Xobeh
Okawaru
Qazlal
Ru
Sif Muna
Trog
Uskayaw
Vehumet
Wu Jian
Xom
Yredelemnul
Zin
The Shining One
Jiyva
Lugonu

Shops:
D:4 :(!:   D:7 (   Orc:1 [   Orc:2 :[!?   Shoals:1 *

Portals:
Abyss: Lair:5
Pandemonium: Orc:2

Annotations:
D:4 Pikel
Lair:2 3 runed translucent doors, Isacrifa's ghost, journeyman AtFi
Shoals:2 Polyphemus
Shoals:3 Bai Suzhen


Innate Abilities, Weirdness & Mutations

Your life essence is reduced to manifest your ancestor. (-10% HP)
You have a pair of horns on your head.
You reflexively headbutt those who attack you in melee.
You possess an exceptional clarity of mind.
You are weak. (Str -2)


Message History

You hit Bai Suzhen but do no damage. You headbutt Bai Suzhen.
Bai Suzhen is severely wounded.
You slash the plant! You burn the plant. You slash Bai Suzhen!
You burn Bai Suzhen. You headbutt Bai Suzhen.
Bai Suzhen is severely wounded.
You slash the plant! You burn the plant. Bai Suzhen misses you.
Bai Suzhen completely misses you.
Bai Suzhen tramples you but does no damage.
You hit Bai Suzhen but do no damage.
You headbutt Bai Suzhen, but do no damage.
Bai Suzhen is severely wounded.
You slash the plant! You burn the plant.
You are engulfed in a thunderstorm.
* * * LOW HITPOINT WARNING * * *
Unknown command.
You feel much better.
You are engulfed in a thunderstorm.
* * * LOW HITPOINT WARNING * * *
A nearby plant withers and dies.
Bai Suzhen misses you.
Bai Suzhen claws you but does no damage.
Bai Suzhen completely misses you.
Casting: Lesser Beckoning (safe; 16% risk of failure)
Confirm with . or Enter, or press ? or * to list all spells.
You don't have enough magic to cast this spell.
Okay, then.
As you read the scroll of teleportation, it crumbles to dust.
You feel strangely unstable. Bai Suzhen breathes water at you.
You block the torrent of water.
The wave splashes down.
You feel much better.
Bai Suzhen twists and twirls her body through the storm.
Bai Suzhen barely misses you. You furiously retaliate!
You headbutt Bai Suzhen. Bai Suzhen misses you.
Bai Suzhen tramples you but does no damage.
Unknown command.
You hit Bai Suzhen. You burn Bai Suzhen.
Bai Suzhen is severely wounded.
You are engulfed in a thunderstorm.
* * * LOW HITPOINT WARNING * * *
Bai Suzhen breathes water at you. The torrent of water hits you!!!
You die...

#≈≈≈≈≈≈≈~~~..#....~~~~~~~~≈≈≈≈≈≈
#≈≈≈≈≈≈~~~.....~~~P~~~~~~~≈≈≈≈≈≈
#≈≈≈≈≈~~~.....~~~~~≈≈~~P~≈≈≈≈≈≈≈
#≈≈≈≈≈≈~~~....~~~~~~~~≈~P~~≈≈≈≈≈
#≈≈≈≈≈≈~~~~~~~~~P~~~P~P~P~~≈≈≈≈≈
#≈≈≈≈≈≈≈~~~~~~~~~~~~~~~~~P~P≈≈≈≈
#≈≈≈≈≈≈≈~~~~~~~...~≈≈~~~~~~≈≈≈≈≈
#≈≈≈≈≈~~~~~.~..§#§~~~~~~~≈≈≈≈≈≈≈
#≈≈≈≈~~~~~~~~~.@D§~)P~~~P≈≈≈≈≈≈≈
#≈≈≈≈≈~~~~~~~~~§§§~~~~~~~~~≈≈≈≈≈
#≈≈≈≈≈~~~~~~~~~~~~~~~~~~P~~≈≈≈≈≈
#≈≈≈≈≈≈≈~~P~~~P~~~P~~~~~~~~≈≈≈≈≈
#≈≈≈≈≈≈≈≈~~~.~~~~~~PP~~~P~≈≈≈≈≈≈
#≈≈≈≈≈≈≈≈P~~P~~~~~~~~~~~≈≈≈≈≈≈≈≈
#≈≈≈≈≈≈≈≈≈~~~~~~~~~~~~~≈≈≈≈≈≈≈≈≈
#≈≈≈≈≈≈≈≈≈≈~~~≈≈≈~~~~~≈≈≈≈≈≈≈≈≈≈
#≈≈≈≈≈≈≈≈≈≈≈≈≈≈≈≈≈≈≈≈≈≈≈≈≈≈≈≈≈≈≈


You could see Bai Suzhen (clouds, catching breath).

Vanquished Creatures
  Mlioglotl (Shoals:2)
  A frost giant (IceCv)
  An orc warlord (Orc:1)
  A dire elephant (D:15)
  A spark wasp (Lair:3)
  An ettin (Orc:2)
  A merfolk javelineer (Shoals:2)
  An entropy weaver (Lair:3)
  3 merfolk impalers
  A fire dragon (shapeshifter) (Lair:5)
  A rakshasa (D:15)
  4 hydras
  3 centaur warriors
  2 demonspawn (Orc:2)
  A merfolk avatar (Shoals:3)
  3 two-headed ogres
  A radroach (Lair:3)
  A boulder beetle (D:15)
  A satyr (Shoals:3)
  A tengu warrior (D:9)
  An alligator snapping turtle (Shoals:1)
  4 orc high priests (Orc:2)
  16 death yaks
  2 thrashing horrors (Lair:5)
  A sixfirhy (Orc:2)
  2 skysharks (Shoals:2)
  2 sea snakes (Shoals:2)
  4 lindwurms (Lair:4)
  4 orc knights
  A deep elf pyromancer (D:13)
  9 harpies
  3 cyclopes
  12 fauns
  A necromancer (D:14)
  3 orc sorcerers (Orc:2)
  6 ugly things
  7 manticores
  6 merfolk sirens
  A moth of wrath (Lair:3)
  A rust devil (Orc:2)
  Maurice (D:13)
  An elephant (Lair:2)
  2 black mambas (Lair:1)
  2 smoke demons (Lair:5)
  2 water nymphs
  10 cane toads
  A yaktaur (D:15)
  6 komodo dragons
  An efreet (D:14)
  2 rime drakes
  An ancient zyme (Lair:5)
  8 trolls
  A hornet (D:8)
  A meliai (shapeshifter) (D:13)
  12 merfolk
  17 polar bears
  2 large abominations (Lair:5)
  A tarantella (Spider:1)
  2 wind drakes
  Prince Ribbit (D:5)
  22 blink frogs
  2 snapping turtles
  2 dream sheep (Shoals:2)
  3 culicivoras
  2 jumping spiders (Spider:1)
  7 slime creatures
  6 centaur simulacra (D:12)
  A water elemental (Shoals:2)
  12 small abominations (Lair:5)
  3 wyverns
  2 ynoxinuls
  16 humans (D:14)
  45 yaks
  3 redbacks (Lair:3)
  A chaos spawn (Lair:5)
  5 basilisks
  4 vampire mosquitoes (D:14)
  2 acid dragons (D:10)
  5 water moccasins
  Duvessa (D:6)
  A black bear (D:5)
  6 ice beasts
  26 orc warriors
  4 ogres
  25 wolves
  2 centaurs
  A phantom (D:5)
  A lemure (D:4)
  Blork the orc (D:5)
  11 bullfrogs
  10 scorpions
  7 wights (D:9)
  Dowan (D:6)
  8 killer bees (D:9)
  A howler monkey (D:12)
  2 gnoll boudas
  2 hounds (D:4)
  2 jellies (D:6)
  20 orc priests
  4 iguanas
  5 orc wizards
  6 gnolls
  2 adders
  A white imp (D:12)
  2 worms
  2 dart slugs
  61 orcs
  7 ball pythons
  2 endoplasms (D:4)
  5 giant cockroaches
  9 goblins
  5 hobgoblins
  3 jackals (D:3)
  6 kobolds
  2 quokkas (D:4)
  2 training dummies (D:7)
  29 bats
  6 frilled lizards
  2 rats
626 creatures vanquished.

Vanquished Creatures (collateral kills)
  Nikola (Shoals:3)
  Ilsuiw (Shoals:2)
  A merfolk impaler (Shoals:1)
  An entropy weaver (Spider:1)
  A merfolk javelineer (Shoals:2)
  2 catoblepae
  2 centaur warriors
  2 merfolk avatars
  3 boulder beetles
  3 satyrs
  2 death yaks
  A thrashing horror (Lair:5)
  4 orc high priests
  3 sea snakes
  A skyshark (Shoals:2)
  A steelbarb worm (Lair:3)
  4 deep elf pyromancers
  3 orc knights
  A harpy (Shoals:3)
  6 manticores
  2 orc sorcerers
  2 wolf spiders
  4 ugly things (D:15)
  2 cyclopes
  4 fauns (Shoals:3)
  A merfolk siren (Shoals:1)
  3 elephants
  A black mamba (Lair:1)
  2 water nymphs
  An ice statue (IceCv)
  A smoke demon (Lair:5)
  A rust devil (Orc:2)
  2 cane toads
  A yaktaur (D:15)
  An ice devil (Orc:2)
  An efreet (D:13)
  4 trolls
  A tengu conjurer (D:9)
  4 polar bears
  4 merfolk
  12 blink frogs
  3 dream sheep (Shoals:2)
  A snapping turtle (Shoals:3)
  A ynoxinul (Lair:5)
  A slime creature (D:12)
  5 jumping spiders (Spider:1)
  2 wyverns
  30 yaks
  2 basilisks
  A redback (Spider:1)
  A neqoxec (Orc:2)
  3 water moccasins
  20 orc warriors
  An ice beast (D:11)
  2 ogres
  11 wolves
  2 centaurs
  A battlemage (D:15)
  4 scorpions
  4 bullfrogs
  3 small abominations (Lair:5)
  3 wights (D:9)
  2 killer bees (D:9)
  An electric eel (D:12)
  2 howler monkeys
  A crimson imp (D:11)
  A jelly (D:6)
  12 orc priests
  A sleepcap (D:8)
  2 iguanas
  13 orc wizards
  A boggart simulacrum (D:12)
  5 gnolls
  An adder (D:6)
  A white imp (D:11)
  2 ufetubi (D:12)
  A worm (Lair:3)
  38 orcs
  A ball python (D:4)
  A giant cockroach (D:4)
  A training dummy (D:7)
  3 bats (Orc:2)
288 creatures vanquished.

Vanquished Creatures (others)
  A blink frog (Lair:5)
  26 battlemagi
  An orc (Orc:1)
  A bat (Orc:2)
  6 fungi
  57 plants
92 creatures vanquished.

Grand Total: 1006 creatures vanquished

Notes
Turn   | Place    | Note
-------+----------+-------------------------------------------
     0 | D:1      | LobsterGuardian the Minotaur Monk began the quest for the
                  | Orb.
     0 | D:1      | Reached XP level 1. HP: 19/19 MP: 0/0
   196 | D:1      | Reached skill level 4 in Fighting
   196 | D:1      | Reached XP level 2. HP: 22/27 MP: 1/1
   660 | D:2      | Found a shimmering blue altar of Sif Muna.
   861 | D:2      | Reached XP level 3. HP: 34/34 MP: 2/2
   928 | D:2      | Reached XP level 4. HP: 41/41 MP: 3/3
   964 | D:2      | Gained mutation: Armour fits poorly on your strangely
                  | shaped body. [potion of mutation]
   964 | D:2      | Gained mutation: You occasionally lose the ability to drink
                  | potions when taking damage. [potion of mutation]
   964 | D:2      | Gained mutation: Your spells are a little harder to cast,
                  | but a little more powerful. [potion of mutation]
  1236 | D:3      | Noticed a scorpion
  1244 | D:3      | Killed a scorpion
  1245 | D:3      | Reached skill level 5 in Fighting
  1245 | D:3      | Reached skill level 1 in Armour
  1245 | D:3      | Reached XP level 5. HP: 44/48 MP: 4/4
  1418 | D:3      | Found a burning altar of Makhleb.
  1711 | D:4      | Found Fyoh's Antique Weapon Emporium.
  1732 | D:4      | Reached skill level 5 in Axes
  1732 | D:4      | Found Xealek's Book Shop.
  1744 | D:4      | You fall into a shaft and drop 1 floor!
  1744 | D:5      | Entered Level 5 of the Dungeon
  1749 | D:5      | Noticed Blork the orc
  1761 | D:5      | Killed Blork the orc
  1762 | D:5      | Reached XP level 6. HP: 35/56 MP: 5/5
  1867 | D:4      | Found Karisaosm's Distillery.
  1967 | D:4      | Found Sayrorui's Book Shoppe.
  1968 | D:4      | Noticed an ice beast
  1969 | D:4      | Noticed Pikel
  2395 | D:5      | Reached skill level 6 in Fighting
  2395 | D:5      | Reached skill level 5 in Dodging
  2395 | D:5      | Reached XP level 7. HP: 35/63 MP: 6/6
  2616 | D:5      | Noticed Prince Ribbit
  2640 | D:5      | Killed Prince Ribbit
  2641 | D:5      | Reached skill level 7 in Fighting
  2755 | D:5      | Reached XP level 8. HP: 69/73 MP: 7/7
  2799 | D:5      | Found a staircase to the Ecumenical Temple.
  2843 | Temple   | Entered the Ecumenical Temple
  3024 | Temple   | Became a worshipper of Hepliaklqana the Forgotten
  3024 | Temple   | Reached * piety under Hepliaklqana
  3024 | Temple   | Reached ** piety under Hepliaklqana
  3025 | Temple   | Remembered your ancestor Brogan as a battlemage
  3076 | D:5      | Found a basalt altar of Yredelemnul.
  3981 | D:6      | Reached skill level 8 in Fighting
  4319 | D:6      | Found a bloodstained altar of Trog.
  4320 | D:6      | Noticed Duvessa
  4320 | D:6      | Noticed Dowan
  4328 | D:6      | Killed Dowan
  4329 | D:6      | Reached skill level 9 in Fighting
  4329 | D:6      | Reached XP level 9. HP: 69/74 MP: 8/8
  4334 | D:6      | Killed Duvessa
  4355 | D:6      | Reached skill level 5 in Armour
  4512 | D:6      | Found a shimmering altar of Xom.
  4514 | D:6      | Found a glowing silver altar of Zin.
  4514 | D:6      | Found a blossoming altar of Fedhas.
  4516 | D:6      | Found a bloodstained altar of Trog.
  4516 | D:6      | Found a broken altar of Ashenzari.
  4516 | D:6      | Found a bloodstained altar of Trog.
  4896 | D:7      | Noticed a troll
  4904 | D:7      | Killed a troll
  4905 | D:7      | Reached skill level 10 in Axes
  4907 | D:7      | Found Ruset's Firing Range.
  4921 | D:7      | Reached skill level 10 in Fighting
  5193 | D:7      | Found a stormy altar of Qazlal.
  5351 | D:7      | Reached *** piety under Hepliaklqana
  5736 | D:8      | Noticed a cyclops
  5742 | D:8      | Paralysed by a hornet for 2 turns
  5964 | D:8      | Killed a cyclops
  5965 | D:8      | Reached XP level 10. HP: 56/84 MP: 9/9
  6117 | D:8      | Found an ancient bone altar of Kikubaaqudgha.
  6118 | D:8      | Found a shadowy altar of Dithmenos.
  6474 | D:8      | Reached skill level 11 in Fighting
  6497 | D:8      | Found an ornate altar of the Wu Jian Council.
  6799 | D:9      | Noticed a tengu warrior
  6816 | D:9      | Found a hide-covered altar of Uskayaw.
  7065 | D:9      | Found a shimmering blue altar of Sif Muna.
  7112 | D:9      | Found a white marble altar of Elyvilon.
  7157 | D:9      | Noticed a brown ugly thing
  7170 | D:9      | Killed a brown ugly thing
  7705 | D:9      | Killed a tengu warrior
  7706 | D:9      | Reached skill level 12 in Fighting
  7827 | D:9      | Found a glowing golden altar of the Shining One.
  8084 | D:9      | Found a glowing silver altar of Zin.
  8147 | D:10     | Entered Level 10 of the Dungeon
  8261 | D:10     | Reached XP level 11. HP: 78/94 MP: 10/10
  8327 | D:10     | Reached **** piety under Hepliaklqana
  8892 | D:11     | Found a staircase to the Lair.
  9141 | D:11     | Noticed a boulder beetle
  9174 | D:11     | Killed a boulder beetle
  9175 | D:11     | Reached skill level 1 in Shields
  9304 | D:11     | Lost mutation: Your spells are a little harder to cast, but
                  | a little more powerful. [potion of mutation]
  9304 | D:11     | Lost mutation: You occasionally lose the ability to drink
                  | potions when taking damage. [potion of mutation]
  9304 | D:11     | Gained mutation: You occasionally shout uncontrollably at
                  | your foes. [potion of mutation]
  9304 | D:11     | Gained mutation: You frequently scream uncontrollably at
                  | your foes. [potion of mutation]
  9880 | D:11     | Reached skill level 10 in Dodging
 10440 | D:12     | Reached skill level 13 in Fighting
 10450 | D:12     | Found a frozen archway.
 10463 | D:12     | Noticed an orc knight
 10468 | IceCv    | Entered an ice cave
 10678 | IceCv    | Reached ***** piety under Hepliaklqana
 10702 | IceCv    | Noticed a death yak
 10709 | IceCv    | Reached XP level 12. HP: 76/103 MP: 11/11
 10710 | IceCv    | Noticed a death yak
 10713 | IceCv    | Noticed a death yak
 10916 | IceCv    | Killed a death yak
 10917 | IceCv    | Killed a death yak
 10924 | IceCv    | Killed a death yak
 11515 | IceCv    | Noticed a death yak
 11538 | IceCv    | Killed a death yak
 11539 | IceCv    | Reached skill level 14 in Fighting
 11539 | IceCv    | Reached skill level 5 in Shields
 11813 | IceCv    | Noticed a death yak
 11813 | IceCv    | Noticed a death yak
 11813 | IceCv    | Noticed a frost giant
 11813 | IceCv    | Noticed a death yak
 11835 | IceCv    | Killed a death yak
 11836 | IceCv    | Reached skill level 15 in Axes
 11839 | IceCv    | Killed a death yak
 11848 | IceCv    | Killed a frost giant
 11860 | IceCv    | Killed a death yak
 12246 | D:12     | Reached XP level 13. HP: 25/112 MP: 12/12
 13374 | D:12     | Found a staircase to the Orcish Mines.
 13557 | D:13     | Reached skill level 15 in Fighting
 13791 | Lair:1   | Entered Level 1 of the Lair of Beasts
 15051 | Lair:1   | Learned a level 2 spell: Blink
 15598 | Lair:2   | Reached skill level 1 in Translocations
 15735 | Lair:2   | Found a runed translucent gate.
 15735 | Lair:2   | Found a runed translucent gate.
 15735 | Lair:2   | Found a runed translucent gate.
 15736 | Lair:2   | Noticed Isacrifa's ghost (journeyman AtFi)
 15896 | Lair:2   | Reached skill level 16 in Fighting
 15896 | Lair:2   | Reached XP level 14. HP: 71/123 MP: 13/13
 16163 | Lair:2   | Reached ****** piety under Hepliaklqana
 16246 | Lair:2   | Found a staircase to the Shoals.
 17362 | Lair:3   | Found a hole to the Spider Nest.
 18931 | Lair:4   | Identified the +3 scale mail "Xedgh" {Dex+4}
 18937 | Lair:4   | Identified the +3 chain mail of Patterns {Int+3}
 18938 | Lair:4   | Identified the +1 spear "Qewad" {venom, rPois rF+ Int+2}
 19298 | Lair:5   | Entered Level 5 of the Lair of Beasts
 19497 | Lair:5   | Found a staircase to the Slime Pits.
 19506 | Lair:5   | Found a viscous altar of Jiyva.
 19652 | Lair:5   | Reached skill level 15 in Dodging
 20397 | Lair:5   | Reached skill level 1 in Polearms
 20459 | Lair:5   | Lost mutation: Armour fits poorly on your strangely shaped
                  | body. [potion of mutation]
 20459 | Lair:5   | Lost mutation: You frequently scream uncontrollably at your
                  | foes. [potion of mutation]
 20459 | Lair:5   | Lost mutation: You occasionally shout uncontrollably at
                  | your foes. [potion of mutation]
 20459 | Lair:5   | Gained mutation: You do not regenerate when monsters are
                  | visible. [potion of mutation]
 20459 | Lair:5   | Gained mutation: You have large cloven feet. [potion of
                  | mutation]
 20459 | Lair:5   | Gained mutation: Your mind is acute. (Int +4, Str/Dex -1)
                  | [potion of mutation]
 20881 | Lair:5   | Reached skill level 17 in Fighting
 20965 | Lair:5   | Found a corrupted altar of Lugonu.
 20966 | Lair:5   | Found a one-way gate to the infinite horrors of the Abyss.
 20977 | Lair:5   | Identified the +1 cloak of the Okapi {Stlth+}
 21422 | D:13     | Noticed Maurice
 21428 | D:13     | Killed Maurice
 21745 | D:13     | Reached XP level 15. HP: 118/132 MP: 14/14
 22679 | D:14     | Found a gate to the Vaults.
 23551 | D:15     | Entered Level 15 of the Dungeon
 24571 | D:15     | Reached skill level 10 in Shields
 24593 | D:15     | Reached skill level 10 in Armour
 24793 | D:15     | Reached skill level 5 in Translocations
 25166 | D:15     | Found a staircase to the Depths.
 25356 | Orc:1    | Entered Level 1 of the Orcish Mines
 25360 | Orc:1    | Found Hyitoud's Armour Emporium.
 25410 | Orc:1    | Bought a +2 kite shield of poison resistance for 240 gold
                  | pieces
 25430 | Orc:2    | Entered Level 2 of the Orcish Mines
 26300 | Orc:2    | Found a staircase to the Elven Halls.
 26666 | Orc:2    | Found Kuatan's Distillery.
 26667 | Orc:2    | Found Paost's Magic Scroll Shoppe.
 26697 | Orc:2    | Gained mutation: You occasionally lose the ability to drink
                  | potions when taking damage. [a neqoxec]
 26791 | Orc:2    | Reached skill level 18 in Fighting
 26902 | Orc:2    | Bought a potion of mutation for 112 gold pieces
 26902 | Orc:2    | Lost mutation: You do not regenerate when monsters are
                  | visible. [potion of mutation]
 26902 | Orc:2    | Lost mutation: You occasionally lose the ability to drink
                  | potions when taking damage. [potion of mutation]
 26902 | Orc:2    | Lost mutation: Your mind is acute. (Int +4, Str/Dex -1)
                  | [potion of mutation]
 26902 | Orc:2    | Gained mutation: You are somewhat resistant to further
                  | mutation. [potion of mutation]
 26902 | Orc:2    | Gained mutation: Your spells are a little easier to cast,
                  | but a little less powerful. [potion of mutation]
 27026 | Orc:2    | Reached XP level 16. HP: 56/141 MP: 6/15
 27511 | Orc:2    | Found Itetax's Antique Armour Shop.
 27511 | Orc:2    | Found Emisy's Book Boutique.
 27913 | Orc:2    | Found a one-way gate leading to the halls of Pandemonium.
 27927 | Orc:2    | Bought a smoking buckler for 304 gold pieces
 27927 | Orc:2    | Identified the +3 buckler "Ysyje" {Regen+ Str+3} (You
                  | bought it in a shop on level 2 of the Orcish Mines)
 28276 | Spider:1 | Entered Level 1 of the Spider Nest
 28363 | Lair:3   | You fall into a shaft and drop 2 floors!
 28510 | Lair:3   | Upgraded the game from 0.30-a0-1043-g60ff8d5f49 to
                  | 0.30-a0-1053-gbd8d5ba0ad
 28874 | Shoals:1 | Entered Level 1 of the Shoals
 28904 | Shoals:1 | Found Baskafo's CLEARANCE SALE!.
 28935 | Shoals:1 | Bought a scroll of acquirement for 312 gold pieces
 28938 | Shoals:1 | Learned a level 2 spell: Lesser Beckoning
 28938 | Shoals:1 | Acquired 1065 gold pieces
 29078 | D:9      | Got Sif Muna's Writings on Violence
 29198 | D:4      | Bought a manual of Dodging for 880 gold pieces
 29242 | D:4      | Bought a dazzling flail for 255 gold pieces
 29242 | D:4      | Identified the +5 flail "Goblinbane" {heavy, rF++ rC- rN+
                  | Dex+2} (You bought it in a shop on level 4 of the Dungeon)
 29528 | Orc:2    | Bought an encrusted chain mail for 304 gold pieces
 29528 | Orc:2    | Identified the +1 chain mail of the Fife {Harm rPois rN+
                  | Will+} (You bought it in a shop on level 2 of the Orcish
                  | Mines)
 29800 | D:7      | Bought a manual of Ranged Weapons for 880 gold pieces
 30879 | Shoals:2 | Noticed Polyphemus
 30891 | Shoals:2 | Noticed Mlioglotl
 30915 | Shoals:2 | Killed Mlioglotl
 30990 | Shoals:2 | Noticed Ilsuiw
 31074 | Shoals:2 | Killed Ilsuiw
 31511 | Shoals:2 | Reached skill level 19 in Fighting
 31845 | Shoals:2 | Learned a level 3 spell: Teleport Other
 31848 | Shoals:2 | Learned a level 2 spell: Momentum Strike
 32337 | Shoals:3 | Noticed Bai Suzhen
 32388 | Shoals:3 | Noticed Nikola
 32398 | Shoals:3 | Killed Nikola
 32957 | Shoals:3 | Found a gateway to a bazaar.
 32965 | Shoals:3 | Reached XP level 17. HP: 114/151 MP: 13/17
 32988 | Bazaar   | Entered a bazaar
 33042 | Bazaar   | Found Minaocah's General Store.
 33061 | Bazaar   | Found Duot Dile's Jewellery Boutique.
 33067 | Bazaar   | Found Feemuduw's Antique Weapon Shop.
 33082 | Bazaar   | Found Feukhe's Magic Scroll Shoppe.
 33090 | Bazaar   | Bought a scroll of teleportation for 36 gold pieces
 33140 | Bazaar   | Bought the ring of Petzob {rPois Will+ MP+9 Int+7 Dex-4}
                  | for 924 gold pieces
 33141 | Bazaar   | Lost mutation: You are somewhat resistant to further
                  | mutation. [potion of mutation]
 33141 | Bazaar   | Lost mutation: You have large cloven feet. [potion of
                  | mutation]
 33141 | Bazaar   | Lost mutation: Your spells are a little easier to cast, but
                  | a little less powerful. [potion of mutation]
 33141 | Bazaar   | Gained mutation: You are weak. (Str -2) [potion of
                  | mutation]
 33141 | Bazaar   | Gained mutation: You possess an exceptional clarity of
                  | mind. [potion of mutation]
 33379 | Shoals:3 | Reached skill level 1 in Invocations
 33396 | Shoals:3 | Learned a level 2 spell: Wereblood
 33586 | Shoals:3 | Killed from afar by Bai Suzhen

Illustrated notes

Levels and vault maps discovered:
D:1:      lemuel_arrival_river_passageway, layout_rooms, serial_curves,
          eino_curves_02, eino_curves_02, eino_curves_04, skrybe_limestone_x
D:2:      layout_rooms, basic_altar, minmay_statues_item, due_unseen_surprise
D:3:      layout_loops_cross, mainiacjoe_overflow_surrounded_room
D:4:      layout_gridville, serial_shops, nicolae_shop_trees, shop,
          nicolae_shop_waterfront, nicolae_diamond_shop,
          serial_co_window_serial, co_window_paths_a, co_window_corner_a,
          co_window_paths_a, co_window_corner_a, co_window_paths_a,
          co_window_corner_b, co_window_of_opportunity_b, co_window_2corner,
          co_window_broadway_a, co_window_broadway_a, co_window_corner_ca,
          glass_columns_c, glass_columns_a, glass_columns_c, glass_columns_b,
          uniq_pikel
D:5:      layout_rooms, yredelemnul_altar_generic,
          minmay_temple_entry_purple_smoke, uniq_prince_ribbit1,
          uniq_blork_the_orc
D:6:      layout_loops_cross, trog_butcher_becter, doesnt_xom_only_xom,
          serial_bayou_crossing, uniq_duvessa
D:7:      layout_rooms, mainiacjoe_overflow_brackets, nicolae_shop_firing_range
D:8:      layout_loops_ring, nzn_wu_jian_council_hall,
          chequers_temple_overflow_statue_of_worship
D:9:      layout_gridville, led_sif_book,
          mainiacjoe_overflow_concentric_impassable, zin_scriptorium,
          tso_oasis_becter, elyvilon_altar_3
D:10:     layout_long_grid, moated_statue
D:11:     layout_stronghold, hellmonk_lair_entry_icy, minmay_fire_ice_demons
D:12:     layout_roguey [special_room_orc], david_orc_4, serial_ice,
          serial_ice_n, serial_ice_d, serial_ice_i, serial_ice_g, serial_ice_f,
          serial_ice_c, serial_ice_m, serial_ice_b, serial_ice_a, serial_ice_h,
          portal_ice_cave_entry_pillars_2
D:13:     layout_grid_maze, serial_co_window_serial, co_window_paths_b,
          co_window_paths_a, co_window_cross_1, co_window_corner_a,
          co_window_paths_b, co_window_broadway_c, co_window_corner_b,
          co_window_of_opportunity_b, co_window_unsneaky_path_d,
          co_window_4corner_a, co_window_paths_e, glass_columns_a,
          glass_columns_a, grunt_ministairs_1, minmay_misc_feat_tiny,
          uniq_maurice
D:14:     layout_loops_cross, david_vaults_3, columned_hall_lemuel
D:15:     hangedman_depths_entry_try_elsewhere_first, layout_basic
Temple:   hellmonk_temple_forest_ring
Lair:1:   layout_loops_ring, nzn_random_ring, infiniplex_staircase_pool_2
Lair:2:   layout_regular_city, elwin_shoals_entry_rocks,
          ebering_ghost_rock_garden
Lair:3:   layout_layer_cave, nicolae_spider_entry_non_spiders
Lair:4:   layout_regular_city, minmay_lindwurm_lava
Lair:5:   hellmonk_lair_end_abyssal_woods, layout_big_grid, slime_entry_1,
          patterned_corridor
Shoals:1: layout_shoals, nicolae_shop_clearance
Shoals:2: layout_shoals, uniq_polyphemus, uniq_ilsuiw, uniq_mlioglotl
Shoals:3: layout_shoals, serial_shops, bzr_entry_islet, nzn_prometheus_bound,
          uniq_nikola, uniq_bai_suzhen
Spider:1: layout_spider_delve
Orc:1:    layout_diamond_mine, serial_shops, shop
Orc:2:    pf_orc_diabolical, layout_caves, mines_bat_river

Skill      XL: |  1  2  3  4  5  6  7  8  9 10 11 12 13 14 15 16 17 |
---------------+----------------------------------------------------+-----
Fighting       | 4 5 6 7 9 10 12 13 14 16 17 18 19 | 19.7
Axes           | 4 5 6 7 9 11 12 14 15 16 | 16.6
Dodging        | 4 5 6 7 8 11 12 14 15 16 18 | 18.7
Armour         | 1 2 3 4 5 6 7 8 11 12 | 12.4
Shields        | 3 5 7 9 10 12 13 | 13.2
Translocations | 1 4 5 |  5.7
Polearms       | 1 |  1.4
Invocations    | 1 |  1.1
Stealth        | |  1.5
Spellcasting   | |  0.7
Transmutations | |  0.2

Action                     |  1- 3 |  4- 6 |  7- 9 | 10-12 | 13-15 | 16-18 || total
---------------------------+-------+-------+-------+-------+-------+-------++-------
  Melee: Hand axe          |    54 |   101 |   192 |   526 |  1034 |   423 ||  2330
         Headbutt          |    13 |    15 |    35 |   170 |   348 |   153 ||   734
         Punch             |       |     1 |     4 |       |       |       ||     5
         Unarmed           |       |       |    10 |       |       |       ||    10
         Spear             |       |       |       |       |    17 |    87 ||   104
  Throw: Throwing net      |       |       |       |     3 |     6 |       ||     9
   Cast: Blink             |       |       |       |       |     1 |     1 ||     2
 Invoke: Ancestor Life: Ba |       |       |     1 |       |       |       ||     1
         Ancestor Identity |       |       |     1 |       |       |       ||     1
         Recall Ancestor   |       |       |       |     1 |     3 |     3 ||     7
         Idealise          |       |       |       |       |       |     2 ||     2
         Transference      |       |       |       |       |       |     1 ||     1
  Evoke: Wand              |       |       |       |    14 |    12 |     2 ||    28
         Phantom mirror    |       |       |       |       |     1 |       ||     1
    Use: Scroll            |     4 |     8 |     7 |    11 |    12 |     7 ||    49
         Potion            |       |     2 |     4 |     7 |    17 |     4 ||    34
   Stab: Sleeping          |     1 |     5 |     3 |     3 |     3 |     1 ||    16
         Invisible         |       |       |     6 |     6 |       |       ||    12
         Distracted        |       |       |     3 |    14 |    24 |     8 ||    49
         Paralysed         |       |       |       |     3 |       |       ||     3
         Held in net/web   |       |       |       |       |     1 |       ||     1
         Petrifying        |       |       |       |       |       |     1 ||     1
 Armour: Leather armour    |    17 |    14 |    19 |    58 |    29 |       ||   137
         Skin              |       |       |     1 |       |       |       ||     1
         Scale mail        |       |       |       |       |    72 |   103 ||   175
  Dodge: Dodged            |    37 |    80 |   148 |   354 |   599 |   473 ||  1691
  Block: Buckler           |       |       |       |   100 |   209 |   275 ||   584
         Kite shield       |       |       |       |       |   103 |    51 ||   154

Table legend: (Time is in decaauts)
 A = Elapsed time spent in this place.
 B = Non-inter-level travel time spent in this place.
 C = Inter-level travel time spent in this place.
 D = Time resting spent in this place.
 E = Time spent auto-exploring this place.
 F = Levels seen in this place.
 G = Mean time per level.
                   A        B        C        D        E       F      G
               +--------+--------+--------+--------+--------+-----+--------+
         Total |  32989 |  29675 |   3314 |   1136 |  23556 |  29 | 1137.6 |
       Dungeon |  16371 |  14346 |   2025 |    169 |  12020 |  15 | 1091.4 |
        Temple |    200 |    142 |     58 |      0 |    132 |   1 |  200.0 |
          Lair |   8159 |   7363 |    796 |    246 |   6067 |   5 | 1631.8 |
        Shoals |   3416 |   3216 |    200 |    129 |   2326 |   3 | 1138.7 |
   Spider Nest |     42 |     42 |      0 |      0 |      0 |   1 |   42.0 |
  Orcish Mines |   2901 |   2669 |    232 |    592 |   1635 |   2 | 1450.5 |
        Bazaar |    233 |    233 |      0 |      0 |    155 |   1 |  233.0 |
      Ice Cave |   1663 |   1663 |      0 |      0 |   1219 |   1 | 1663.0 |
               +--------+--------+--------+--------+--------+-----+--------+

Top non-repeatable levels by time:
   Orc:2: 2099 daAuts
  Lair:5: 2025 daAuts
  Lair:1: 1853 daAuts
  Lair:3: 1705 daAuts
    D:12: 1698 daAuts
    D:13: 1683 daAuts
    D:11: 1675 daAuts
   IceCv: 1663 daAuts
Shoals:2: 1607 daAuts
     D:9: 1519 daAuts
  Lair:4: 1296 daAuts
  Lair:2: 1278 daAuts
    D:15: 1268 daAuts
     D:4: 1220 daAuts
     D:6: 1048 daAuts
